 Dungeon Crawl Stone Soup version 0.26.1-11-gd32895ea62 (webtiles) character file.

Game seed: 7226500337749566114

614 KamiKatze the Skirmisher (level 7, -15/44 HPs)
             Began as a Kobold Fighter on July 6, 2021.
             Demolished by a two-headed ogre
             ... wielding a +0 giant club
              (27 damage)
             ... on level 5 of the Dungeon.
             The game lasted 00:18:17 (6969 turns).

KamiKatze the Skirmisher (Kobold Fighter)           Turns: 6969, Time: 00:18:18

Health: -15/44     AC:  8    Str: 15    XL:     7   Next: 73%
Magic:  7/7        EV: 12    Int: 10    God:
Gold:   326        SH:  9    Dex: 14    Spells: 6/6 levels left

rFire    . . .     SeeInvis .   a - +0 war axe
rCold    + . .     Faith    .   c - +0 kite shield
rNeg     . . .     Spirit   .   q - +0 ring mail
rPois    .         Reflect  .   w - +0 helmet
rElec    .         Harm     .   G - +0 cloak
rCorr    .         Rampage  .   (no gloves)
Will     .....                  (no boots)
Stlth    ++........             B - amulet of magic regeneration
HPRegen  0.14/turn              v - ring of protection from cold
MPRegen  0.35/turn              (no ring)

@: mighty
A: small, nightstalker 3
a: no special abilities


You were on level 5 of the Dungeon.
You visited 1 branch of the dungeon, and saw 5 of its levels.

You collected 386 gold pieces.
You spent 60 gold pieces at shops.

Inventory:

Hand Weapons
 a - a +0 war axe (weapon)
 o - a +0 flail
 y - a +2 hand axe of freezing
Missiles
 e - 180 stones
 i - 13 poisoned darts (quivered)
 E - a throwing net
Armour
 b - a +0 scale mail
 c - a +0 kite shield (worn)
 p - a +0 chain mail
 q - a +0 ring mail (worn)
 w - a +0 helmet (worn)
 G - a +0 cloak (worn)
Jewellery
 v - a ring of protection from cold (left hand)
 B - an amulet of magic regeneration (around neck)
Wands
 u - a wand of iceblast (4)
 z - a wand of enslavement (11)
Scrolls
 f - a scroll of magic mapping {unknown}
 g - 8 scrolls of identify
 j - a scroll of enchant weapon {unknown}
 m - 2 scrolls of teleportation
 n - a scroll of enchant armour {unknown}
 s - a scroll of immolation {unknown}
 t - 2 scrolls of fog {unknown}
 x - a scroll of blinking {unknown}
 F - a scroll of amnesia {unknown}
Potions
 d - 3 potions of might
 h - 2 potions of curing
 k - a potion of heal wounds {unknown}
 l - 2 potions of flight {unknown}
 r - a potion of lignification {unknown}
 A - a potion of resistance {unknown}
 C - 3 potions of attraction {unknown}
 D - 2 potions of haste {unknown}


   Skills:
 + Level 4.7 Fighting
 * Level 3.9 Axes
 + Level 3.5 Armour
 + Level 3.3 Dodging
 + Level 3.8 Shields


You had 6 spell levels left.
You didn't know any spells.
Your spell library contained the following spells:

 Spells                   Type           Power        Failure   Level
 Beastly Appendage        Tmut           0%           98%         1
 Wereblood                Tmut           0%           99%         2
 Spider Form              Tmut/Pois      0%           100%        3
 Ice Form                 Ice/Tmut       0%           100%        4
 Blade Hands              Tmut           0%           100%        5


Dungeon Overview and Level Annotations

Branches:
Dungeon (5/15)
 Temple: D:4-7

Altars:
Elyvilon
Hepliaklqana
Nemelex Xobeh
Ru

Shops:
D:5 *


Innate Abilities, Weirdness & Mutations

You are small and have problems with some larger weapons.
You are completely attuned to the shadows.


Message History

The two-headed ogre hits you with a +0 giant club.
You block the two-headed ogre's attack.
The two-headed ogre hits you with a +0 giant club!!
Ouch! That really hurt!
* * * LOW HITPOINT WARNING * * *
Unknown command.
You feel very mighty all of a sudden.
You slash the two-headed ogre!
The two-headed ogre is severely wounded.
You block the two-headed ogre's attack. x2
You hit the two-headed ogre.
The two-headed ogre is severely wounded.
The two-headed ogre closely misses you. You block the two-headed ogre's attack.
The two-headed ogre hits you but does no damage.
The two-headed ogre misses you.
You closely miss the two-headed ogre.
The two-headed ogre is severely wounded.
The two-headed ogre hits you with a +0 giant club!!
Ouch! That really hurt!
You die...

.####.#.###⌠.⌠### #.#
.(.............># #(#
#####.#.......#.######.#
#.######.##...#..).# #.#
#.####.#....# #####.#
#.# #.#.##.# #.....# #.#
#.####.# #.#####
#.####O#....# #.#
####....@.#.#### #.#####
#.....[####.# #.....#
#......'....# #####.#
#......###### #.#
#......# #.# #......#
#.###......# ###
#.#........#
P.###.##.......#########


You could see a two-headed ogre.

Vanquished Creatures
  A sky beast (D:5)
  A centaur (D:5)
  A scorpion (D:5)
  A howler monkey (D:4)
  An orc priest (D:4)
  2 hounds (D:4)
  An iguana (D:4)
  A worker ant (D:4)
  6 gnolls
  4 adders
  An adder skeleton (D:4)
  2 worms
  2 dart slugs
  4 leopard geckos
  12 orcs
  4 giant cockroaches
  10 goblins
  9 hobgoblins
  8 jackals
  2 quokkas
  8 bats
  2 frilled lizards (D:1)
  15 kobolds
  11 rats
109 creatures vanquished.

Notes
Turn   | Place    | Note
-------+----------+-------------------------------------------
     0 | D:1      | KamiKatze the Kobold Fighter began the quest for the Orb.
     0 | D:1      | Reached XP level 1. HP: 14/14 MP: 1/1
    63 | D:1      | Reached XP level 2. HP: 3/19 MP: 2/2
   758 | D:1      | Reached XP level 3. HP: 22/23 MP: 3/3
  1234 | D:2      | You fall into a shaft and drop 1 floor!
  1337 | D:2      | Reached skill level 1 in Dodging
  1412 | D:2      | Reached XP level 4. HP: 28/28 MP: 4/4
  2594 | D:2      | Reached XP level 5. HP: 33/33 MP: 5/5
  3172 | D:3      | Reached skill level 4 in Fighting
  4438 | D:4      | Reached XP level 6. HP: 20/38 MP: 6/6
  5829 | D:4      | Reached XP level 7. HP: 35/44 MP: 7/7
  5914 | D:5      | Entered Level 5 of the Dungeon
  5949 | D:5      | Found a white marble altar of Elyvilon.
  5952 | D:5      | Found a sparkling altar of Nemelex Xobeh.
  5954 | D:5      | Found a hazy altar of Hepliaklqana.
  6411 | D:5      | Found a sparkling altar of Nemelex Xobeh.
  6717 | D:5      | Found Ludyh's Assorted Antiques.
  6732 | D:5      | Bought a scroll labelled FEUFIMA CUANU for 30 gold pieces
  6733 | D:5      | Bought a scroll labelled YRIANW ASOG for 30 gold pieces
  6753 | D:5      | Found a sacrificial altar of Ru.
  6927 | D:5      | Noticed a two-headed ogre
  6969 | D:5      | Demolished by a two-headed ogre

Illustrated notes

Levels and vault maps discovered:
D:1:      zelgadis_glass_arrival_small, layout_basic, grunt_decor_clamped,
          hangedman_decor_lopped
D:2:      layout_basic
D:3:      layout_basic, nrook_mini_vaults, minmay_goblin_kobold_house
D:4:      cheibrodos_pilgrimage, layout_basic
D:5:      layout_basic, nicolae_ru_sacrificial_ziggurat, kennysheep_mini,
          gammafunk_temple_overflow_forgotten, serial_shops, shop, st_stairs_12,
          nemelex_xobeh_ov_fountains_minmay

Skill      XL: |  1  2  3  4  5  6  7 |
---------------+----------------------+-----
Axes           | 2 3 |  3.9
Dodging        | 1 2 3 |  3.3
Shields        | 3 |  3.8
Fighting       | 4 |  4.7
Armour         | 3 |  3.5

Action                   |  1- 3 |  4- 6 |  7- 9 || total
-------------------------+-------+-------+-------++-------
Melee: War axe           |   107 |   189 |    50 ||   346
       Hand axe          |       |    37 |       ||    37
Throw: Dart              |       |     3 |     6 ||     9
  Use: Scroll            |       |       |     3 ||     3
       Potion            |       |       |     1 ||     1
 Stab: Sleeping          |       |     7 |     2 ||     9
       Distracted        |       |     1 |       ||     1
Armor: Scale mail        |    38 |       |       ||    38
       Ring mail         |     8 |    61 |    11 ||    80
Dodge: Dodged            |    32 |    94 |    23 ||   149
Block: Kite shield       |    57 |   133 |    24 ||   214
